cohdb
Replays
Latest Replays
All Replays
Popular Replays
Top Player Replays
Match Explorer
How It Works
Community
CoH3 Stats
Reddit
Sign in to upload your games and track your stats! →
Sign in with Steam
Match 39301618
Unlisted
Match 39301618
Overview
Messages
Build Orders
End
Royal Engineer Section
Selects Australian Defense Battlegroup
Selects Australian Light Infantry Section
Australian Light Infantry Section
Construct Section Command Post
Infantry Section
Infantry Section
Construct Field Infirmary
Construct Field Infirmary
Construct Platoon Command Post
Selects Defensive Tactics
Selects Hold the Line!
6-pounder Anti-tank Gun Team
Humber Armored Car
BIOHAZARD
Gorgolo
Decapsy
Tonani
ikipitoti
Lyon
0
0
Comments
sign in to comment!
No comments posted yet!